 Dungeon Crawl Stone Soup version 0.28.0-53-g5a82cb258f (webtiles) character file.

Game seed: 4558273049764792388

310 safid the Twirler (level 6, 0/52 HPs)
             Began as a Hill Orc Fighter on July 20, 2022.
             Was a Believer of Makhleb.
             Slain by an ogre
             ... wielding a +0 giant club
              (17 damage)
             ... on level 4 of the Dungeon.
             The game lasted 00:05:12 (3460 turns).

safid the Twirler (Hill Orc Fighter)                Turns: 3460, Time: 00:05:12

Health: 0/52       AC:  8    Str: 21    XL:     6   Next: 41%
Magic:  6/6        EV:  9    Int:  8    God:    Makhleb [**....]
Gold:   112        SH:  0    Dex: 10    Spells: 5/5 levels left

rFire   . . .      SeeInvis .   n - +12 quarterstaff of Bedazzling Forgiveness {vorpal, rPois rN++ Will- rCorr}
rCold   . . .      Faith    .   (shield currently unavailable)
rNeg    + + .      Spirit   .   b - +0 scale mail
rPois   +          Reflect  .   q - +0 helmet
rElec   .          Harm     .   (no cloak)
rCorr   +          Rampage  .   (no gloves)
Will    .....                   (no boots)
Stlth   ..........              (no amulet)
HPRegen 0.17/turn               (no ring)
MPRegen 0.10/turn               (no ring)

@: no status effects
A: no striking features
a: Renounce Religion, Minor Destruction


You were on level 4 of the Dungeon.
You worshipped Makhleb.
Makhleb was pleased with you.
You visited 1 branch of the dungeon, and saw 4 of its levels.

You collected 112 gold pieces.

Inventory:

Hand Weapons
 a - a +0 war axe
 n - the +12 quarterstaff of Bedazzling Forgiveness (weapon) {vorpal, rPois rN++ Will- rCorr}
   (You found it on level 2 of the Dungeon)

   It inflicts extra damage upon your enemies.
   rPois:     It protects you from poison.
   rN:        It greatly protects you from negative energy.
   rCorr:     It protects you from acid and corrosion.
   Will:      It decreases your willpower.
Armour
 b - a +0 scale mail (worn)
 c - a +0 buckler
 q - a +0 helmet (worn)
Jewellery
 t - an amulet of magic regeneration
Wands
 p - a wand of flame (10)
Scrolls
 f - 2 scrolls of identify {unknown}
 h - 2 scrolls of teleportation {unknown}
 i - 2 scrolls of magic mapping {unknown}
 m - a scroll of brand weapon {unknown}
 u - a scroll of noise {unknown}
 v - a scroll of blinking {unknown}
Potions
 d - a potion of might
 e - a potion of haste {unknown}
 g - 2 potions of brilliance {unknown}
 j - a potion of heal wounds {unknown}
 k - a potion of attraction {unknown}
 l - a potion of resistance {unknown}
 o - a potion of curing {unknown}
 r - a potion of lignification {unknown}
 s - a potion of magic {unknown}


   Skills:
 - Level 4.0 Fighting
 - Level 3.7 Axes
 + Level 4.4 Staves
 - Level 4.0 Armour
 - Level 3.9 Shields


You had 5 spell levels left.
You didn't know any spells.
Your spell library contained the following spells:

 Spells                   Type           Power      Damage    Failure   Level
 Shock                    Conj/Air       0%         1d3       75%         1
 Conjure Flame            Conj/Fire      0%         6-21      98%         3
 Dazzling Flash           Conj/Hex       0%         N/A       98%         3
 Ozocubu's Armour         Ice            0%         N/A       98%         3
 Stone Arrow              Conj/Erth      0%         3d7       98%         3
 Fulminant Prism          Conj/Hex       0%         3d6       100%        4
 Ice Form                 Ice/Tmut       0%         N/A       100%        4
 Iskenderun's Mystic Bla  Conj/Tloc      0%         2d3       100%        4
 Starburst                Conj/Fire      0%         6d3       100%        6
 Polar Vortex             Ice            0%         N/A       100%        9


Dungeon Overview and Level Annotations

Branches:
Dungeon (4/15)
 Temple: D:4-7

Altars:
Makhleb
Uskayaw


Message History

Makhleb accepts your kill.
No target in view!
No target in view!
No target in view!
No target in view!
No target in view!
No target in view!
No target in view!
No target in view!
No target in view!
No target in view!
No target in view!
No target in view!
Things that are here:
a +0 club; a goblin corpse An ogre is nearby!
The ogre hits you with a +0 giant club!
You barely miss the ogre. The ogre hits you with a +0 giant club.
You barely miss the ogre. The ogre hits you with a +0 giant club!
You are too injured to fight recklessly!
You are too injured to fight recklessly!
You are too injured to fight recklessly!
You are too injured to fight recklessly!
You are too injured to fight recklessly!
You are too injured to fight recklessly!
You are too injured to fight recklessly!
You are too injured to fight recklessly!
You are too injured to fight recklessly!
You are too injured to fight recklessly!
You are too injured to fight recklessly!
You are too injured to fight recklessly!
You are too injured to fight recklessly!
You are too injured to fight recklessly!
You thump the ogre!
The ogre is heavily wounded.
The ogre hits you with a +0 giant club!
You hit the ogre.
The ogre is severely wounded.
The ogre hits you with a +0 giant club!
You die...

####.## ##. #...# #......#
#...# #......# #...# #......
#..)# #......### ####
###...######.... ...# ....#
...........# #.####.##.....#
...........###...[....>....#
...........#....@O..##...<.#
###...####..........# ....#
#...# ###.#......# ####
#...# #.#..##..# #...#
#.#......# #...# #.......##
#.#. ##.##.#### ...
##...#.### ## #.#
###..........


You could see an ogre.

Vanquished Creatures
  A scorpion (D:4)
  A water moccasin skeleton (D:4)
  A hound (D:4)
  Robin (D:2)
  7 adders
  3 worms (D:2)
  2 dart slugs
  6 ball pythons
  4 bats
  5 endoplasms
  3 giant cockroaches
  19 goblins
  10 hobgoblins
  10 jackals
  2 quokkas
  6 kobolds
  4 rats
85 creatures vanquished.

Vanquished Creatures (others)
  A goblin (D:2)
1 creature vanquished.

Grand Total: 86 creatures vanquished

Notes
Turn   | Place    | Note
-------+----------+-------------------------------------------
     0 | D:1      | safid the Hill Orc Fighter began the quest for the Orb.
     0 | D:1      | Reached XP level 1. HP: 19/19 MP: 1/1
   177 | D:1      | Reached XP level 2. HP: 8/27 MP: 2/2
   664 | D:1      | Reached XP level 3. HP: 33/33 MP: 3/3
   764 | D:1      | Got the Tome of the Frigorific Mountains
  1325 | D:2      | Found a faded altar of an unknown god.
  1364 | D:2      | Reached XP level 4. HP: 40/40 MP: 4/4
  1367 | D:2      | Prayed at the altar of an unknown god.
  1367 | D:2      | Became a worshipper of Makhleb the Destroyer
  1367 | D:2      | Reached * piety under Makhleb
  1398 | D:2      | Identified the +12 quarterstaff of Bedazzling Forgiveness
                  | {vorpal, rPois rN++ Will- rCorr}
  1502 | D:2      | Reached skill level 1 in Staves
  1895 | D:2      | Got Vehumet's Incunabulum of Dusty Attacks
  1942 | D:2      | Noticed Robin
  1961 | D:2      | Killed Robin
  1962 | D:2      | Reached XP level 5. HP: 20/46 MP: 5/5
  2271 | D:3      | Reached ** piety under Makhleb
  2406 | D:3      | Found a large runed translucent door.
  2407 | D:3      | Found a large runed translucent door.
  2846 | D:3      | Found a hide-covered altar of Uskayaw.
  2856 | D:3      | Found a burning altar of Makhleb.
  2900 | D:4      | Noticed an ogre
  3327 | D:4      | Reached XP level 6. HP: 42/52 MP: 6/6
  3424 | D:4      | Identified the +1 leather armour "Surch" {rC+}
  3460 | D:4      | Slain by an ogre

Illustrated notes

Levels and vault maps discovered:
D:1:      zelgadis_glass_arrival_small, layout_loops_ring
D:2:      kennysheep_the_goblin_king, layout_loops_cross,
          dreamdust_ecumenical_altar_statues, serial_park_tiny_2, uniq_robin
D:3:      layout_rooms, jmf_multi_god_temple2, roderic_lattice_a
D:4:      layout_loops_cross

Skill      XL: |  1  2  3  4  5 |
---------------+----------------+-----
Axes           | 3 |  3.7
Fighting       | 4 |  4.0
Armour         | 4 |  4.0
Staves         | 2 4 |  4.4
Shields        | |  3.9

Action                   |  1- 3 |  4- 6 || total
-------------------------+-------+-------++-------
Melee: War axe           |    89 |       ||    89
       Quarterstaff      |       |    93 ||    93
Armor: Scale mail        |    44 |    50 ||    94
Dodge: Dodged            |    50 |    47 ||    97
Block: Buckler           |    28 |       ||    28
